BSA
BOSTON REBELS @ BEECH MOUNTAIN MOUNTAINEERS
06/15/2027
 
TOP OF THE 1ST
Boston Rebels batting - Pitching for Hendersonville Hitmen : RHP Yong-hoon Park
Pitching: RHP Yong-hoon Park
Batting: LHB Bill Wilson 0-0: Ball
1-0: Foul Ball, location: 2F
1-1: Ball
2-1: Fly out, F7 (Line Drive, 78D)
Batting: LHB Lorenzo Flores 0-0: Called Strike
0-1: Foul Ball, location: 2F
0-2: Strikes out swinging
Batting: LHB Bill Wilson 0-0: Ball
1-0: Called Strike
1-1: Called Strike
1-2: Ground out 4-3 (Groundball, 4S)
Top of the 1st over - 0 run(s), 0 hit(s), 0 error(s), 0 left on base; Boston 0 - Hendersonville 0
BOTTOM OF THE 1ST
Hendersonville Hitmen batting - Pitching for Boston Rebels : RHP Alfredo Ruíz
Pitching: RHP Alfredo Ruíz
Batting: RHB Lonson Seals 0-0: Ball
1-0: Called Strike
1-1: Foul Ball, location: 2F
1-2: Foul Ball, location: 2F
1-2: Ball
2-2: Foul Ball, location: 2F
2-2: Foul Ball, location: 2F
2-2: Fly out, F9 (Flyball, 9S)
Batting: LHB Lorenzo Quintanilla 0-0: Ball
1-0: Foul Ball, location: 2F
1-1: Fly out, F7 (Flyball, 78M)
Batting: RHB José Aguilera 0-0: Ball
1-0: Ball
2-0: Ground out 4-3 (Groundball, 4)
Bottom of the 1st over - 0 run(s), 0 hit(s), 0 error(s), 0 left on base; Boston 0 - Hendersonville 0
TOP OF THE 2ND
Boston Rebels batting - Pitching for Hendersonville Hitmen : RHP Yong-hoon Park
Batting: LHB Miguel Rivería 0-0: Ball
1-0: Called Strike
1-1: Foul Ball, location: 2F
1-2: SINGLE (Groundball, 4D)
Batting: LHB Felipe Guerrero 0-0: Called Strike
0-1: Foul Ball, location: 2F
0-2: Strikes out swinging
Batting: LHB Arturo Molina 0-0: Foul Ball, location: 2F
0-1: Fly out, F6 (Flyball, 6D)
Batting: RHB Ronnie Brown 0-0: Ball
1-0: Called Strike
1-1: Ball
2-1: Foul Ball, location: 2F
2-2: Ball
3-2: DOUBLE (Line Drive, 7LM)
Miguel Rivería to third
Miguel Rivería scores
Batting: RHB Aaron Washington 0-0: Ball
1-0: Called Strike
1-1: Ground out 6-3 (Groundball, 6)
Top of the 2nd over - 1 run(s), 2 hit(s), 0 error(s), 1 left on base; Boston 1 - Hendersonville 0
BOTTOM OF THE 2ND
Hendersonville Hitmen batting - Pitching for Boston Rebels : RHP Alfredo Ruíz
Batting: LHB Tony Abete 0-0: Swinging Strike
0-1: Ball
1-1: SOLO HOME RUN (Flyball, 8RXD), Distance : 457 ft
Batting: SHB Tony López 0-0: Ball
1-0: SOLO HOME RUN (Flyball, 8RD), Distance : 462 ft
Batting: RHB Robert Buckley 0-0: Called Strike
0-1: Ground out 5-3 (Groundball, 56S)
Batting: LHB Jerry Johnston 0-0: Ground out U3 (Groundball, 3)
Batting: RHB Bill Mark 0-0: Called Strike
0-1: Foul Ball, location: 2F
0-2: Ball
1-2: Ball
2-2: Ground out 6-3 (Groundball, 6)
Bottom of the 2nd over - 2 run(s), 2 hit(s), 0 error(s), 0 left on base; Boston 1 - Hendersonville 2
TOP OF THE 3RD
Boston Rebels batting - Pitching for Hendersonville Hitmen : RHP Yong-hoon Park
Batting: RHB Alberto Ramos 0-0: Ball
1-0: Ball
2-0: Ball
3-0: Called Strike
3-1: Fly out, F8 (Flyball, 8LS)
Batting: LHB Bill Wilson 0-0: Fly out, F8 (Flyball, 8LXD)
Batting: LHB Lorenzo Flores 0-0: Ball
1-0: Ground out 3-1 (Groundball, 34)
Top of the 3rd over - 0 run(s), 0 hit(s), 0 error(s), 0 left on base; Boston 1 - Hendersonville 2
BOTTOM OF THE 3RD
Hendersonville Hitmen batting - Pitching for Boston Rebels : RHP Alfredo Ruíz
Batting: SHB David Johnstone 0-0: SINGLE (Groundball, 4MD)
Batting: RHB Lonson Seals 0-0: Called Strike
0-1: Ball
1-1: Ball
2-1: Swinging Strike
2-2: Foul Ball, location: 2F
2-2: Ball
3-2: Base on Balls
David Johnstone to second
Batting: LHB Lorenzo Quintanilla 0-0: Ball
1-0: Ball
2-0: Called Strike
2-1: Ball
3-1: SINGLE (Groundball, 3S) (infield hit)
David Johnstone to third
Lonson Seals to second
Batting: RHB José Aguilera 0-0: Ball
1-0: SINGLE (Line Drive, 7S)
David Johnstone scores
Lonson Seals to third
Lorenzo Quintanilla to second
Runner from 3rd tries for Home, SAFE, no throw
Batting: LHB Tony Abete 0-0: Called Strike
0-1: Ball
1-1: Fly out, F7 (Flyball, 7D)
Batting: SHB Tony López 0-0: Foul Ball, location: 2F
0-1: Ball
1-1: Ball
2-1: SINGLE (Groundball, 34) (infield hit)
Lorenzo Quintanilla to third
José Aguilera to second
Batting: RHB Robert Buckley 0-0: Called Strike
0-1: Ball
1-1: Ball
2-1: Fly out, F7 (Flyball, 7LS)
Runner from 3rd tags up, SCORES, no throw
Batting: LHB Jerry Johnston 0-0: Called Strike
0-1: Called Strike
0-2: Ball
1-2: Fly out, F7 (Flyball, 78S)
Bottom of the 3rd over - 3 run(s), 4 hit(s), 0 error(s), 2 left on base; Boston 1 - Hendersonville 5
TOP OF THE 4TH
Boston Rebels batting - Pitching for Hendersonville Hitmen : RHP Yong-hoon Park
Batting: LHB Bill Wilson 0-0: Ball
1-0: Called Strike
1-1: Called Strike
1-2: Strikes out swinging
Batting: LHB Miguel Rivería 0-0: Ball
1-0: Ball
2-0: Called Strike
2-1: Fly out, F7 (Flyball, 7LM)
Batting: LHB Felipe Guerrero 0-0: Foul Ball, location: 2F
0-1: Ball
1-1: Fly out, F8 (Line Drive, 78D)
Top of the 4th over - 0 run(s), 0 hit(s), 0 error(s), 0 left on base; Boston 1 - Hendersonville 5
BOTTOM OF THE 4TH
Hendersonville Hitmen batting - Pitching for Boston Rebels : RHP Alfredo Ruíz
Batting: RHB Bill Mark 0-0: Fly out, F8 (Flyball, 8LM)
Batting: SHB David Johnstone 0-0: Ball
1-0: Ground out 4-3 (Groundball, 4MD)
Batting: RHB Lonson Seals 0-0: Ground out U3 (Groundball, 34S)
Bottom of the 4th over - 0 run(s), 0 hit(s), 0 error(s), 0 left on base; Boston 1 - Hendersonville 5
TOP OF THE 5TH
Boston Rebels batting - Pitching for Hendersonville Hitmen : RHP Yong-hoon Park
Batting: LHB Arturo Molina 0-0: Ball
1-0: Called Strike
1-1: Ground out U3 (Groundball, 3)
Batting: RHB Ronnie Brown 0-0: Ball
1-0: Ball
2-0: Foul Ball, location: 2F
2-1: Foul Ball, location: 2F
2-2: Ground out 1-3 (Groundball, 15)
Batting: RHB Aaron Washington 0-0: Called Strike
0-1: Ball
1-1: Ground out 1-3 (Groundball, 15S)
Top of the 5th over - 0 run(s), 0 hit(s), 0 error(s), 0 left on base; Boston 1 - Hendersonville 5
BOTTOM OF THE 5TH
Hendersonville Hitmen batting - Pitching for Boston Rebels : RHP Alfredo Ruíz
Pitching: RHP Chad Field
Batting: LHB Lorenzo Quintanilla 0-0: Ball
1-0: Foul Ball, location: 2F
1-1: Ball
2-1: Foul Ball, location: 2F
2-2: Ball
3-2: SINGLE (Flyball, 8RS)
Batting: RHB José Aguilera 0-0: Called Strike
0-1: Ball
1-1: Ball
2-1: Ball
3-1: Base on Balls
Lorenzo Quintanilla to second
Batting: LHB Tony Abete 0-0: Ball
1-0: Called Strike
1-1: Swinging Strike
1-2: Foul Ball, location: 2F
1-2: Fly out, F7 (Flyball, 7LDF)
Batting: SHB Tony López 0-0: Ball
1-0: Fly out, F8 (Flyball, 8LS)
Batting: RHB Robert Buckley 0-0: Ball
1-0: DOUBLE (Flyball, 78XD)
Lorenzo Quintanilla scores
José Aguilera to third
Runner from 3rd tries for Home, SAFE, no throw
Batting: LHB Jerry Johnston 0-0: Called Strike
0-1: Foul Ball, location: 2F
0-2: Ball
1-2: Strikes out swinging
Bottom of the 5th over - 2 run(s), 2 hit(s), 0 error(s), 1 left on base; Boston 1 - Hendersonville 7
TOP OF THE 6TH
Boston Rebels batting - Pitching for Hendersonville Hitmen : RHP Yong-hoon Park
Batting: RHB Alberto Ramos 0-0: Swinging Strike
0-1: Called Strike
0-2: Ball
1-2: Ball
2-2: SINGLE (Groundball, 6MD)
Batting: LHB Bill Wilson 0-0: Fly out, F7 (Flyball, 7LSF)
Batting: LHB Lorenzo Flores 0-0: Ball
1-0: Fielders Choice at 2nd, 3-6 (Groundball, 3)
Batting: LHB Bill Wilson 0-0: Fielders Choice at 2nd, 4-6 (Groundball, 4)
Top of the 6th over - 0 run(s), 1 hit(s), 0 error(s), 0 left on base; Boston 1 - Hendersonville 7
BOTTOM OF THE 6TH
Hendersonville Hitmen batting - Pitching for Boston Rebels : RHP Chad Field
Batting: RHB Bill Mark 0-0: Called Strike
0-1: Ball
1-1: Foul Ball, location: 2F
1-2: SINGLE (Line Drive, 8LS)
Batting: SHB David Johnstone 0-0: Called Strike
0-1: Fielders Choice at 2nd, 1-4 (Groundball, 15S)
Batting: RHB Lonson Seals 0-0: Ball
1-0: Ball
2-0: Called Strike
2-1: Swinging Strike
2-2: Ball
3-2: Base on Balls
David Johnstone to second
Batting: LHB Lorenzo Quintanilla 0-0: Ball
1-0: Fly out, F8 (Flyball, 8LS)
Batting: RHB José Aguilera 0-0: Ball
1-0: Ball
2-0: Ball
3-0: Called Strike
3-1: Called Strike
3-2: SINGLE (Groundball, 34S) (infield hit)
David Johnstone to third
Lonson Seals to second
Batting: LHB Tony Abete 0-0: Called Strike
0-1: Ball
1-1: Ball
2-1: Ball
3-1: Called Strike
3-2: Base on Balls
David Johnstone scores
Lonson Seals to third
José Aguilera to second
Pitching: RHP Ki-tong Shiu
Batting: SHB Tony López 0-0: SINGLE (Groundball, 56D)
Lonson Seals scores
José Aguilera to third
Tony Abete to second
Runner from 3rd tries for Home, SAFE, no throw
Batting: RHB Robert Buckley 0-0: SINGLE (Groundball, 34D)
Tony Abete to third
Tony López to second
Runner from 3rd tries for Home, SAFE, no throw
Batting: LHB Jerry Johnston 0-0: Ball
1-0: Ball
2-0: Called Strike
2-1: Foul Ball, location: 2F
2-2: Strikes out looking
Bottom of the 6th over - 4 run(s), 4 hit(s), 0 error(s), 2 left on base; Boston 1 - Hendersonville 11
TOP OF THE 7TH
Boston Rebels batting - Pitching for Hendersonville Hitmen : RHP Yong-hoon Park
Batting: LHB Miguel Rivería 0-0: Foul Ball, location: 2F
0-1: Foul Ball, location: 2F
0-2: Strikes out swinging
Batting: LHB Felipe Guerrero 0-0: Ball
1-0: Ball
2-0: Ball
3-0: Called Strike
3-1: Base on Balls
Batting: LHB Arturo Molina 0-0: Ball
Felipe Guerrero steals 2nd base
1-0: Foul Ball, location: 2F
1-1: Ball
2-1: Ball
3-1: Base on Balls
Batting: RHB Ronnie Brown 0-0: SINGLE (Groundball, 4) (infield hit)
Felipe Guerrero to third
Arturo Molina to second
Batting: RHB Aaron Washington 0-0: Grounds into double play, 6-4-3 (Groundball, 6)
Top of the 7th over - 0 run(s), 1 hit(s), 0 error(s), 2 left on base; Boston 1 - Hendersonville 11
BOTTOM OF THE 7TH
Hendersonville Hitmen batting - Pitching for Boston Rebels : RHP Ki-tong Shiu
Batting: RHB Bill Mark 0-0: Swinging Strike
0-1: Ball
1-1: Ball
2-1: Ground out 6-3 (Groundball, 6)
Batting: SHB David Johnstone 0-0: Ball
1-0: Ball
2-0: Ball
3-0: Called Strike
3-1: SINGLE (Flyball, 78S)
Batting: RHB Lonson Seals 0-0: Grounds into double play, 3-6-3 (Groundball, 34)
Bottom of the 7th over - 0 run(s), 1 hit(s), 0 error(s), 0 left on base; Boston 1 - Hendersonville 11
TOP OF THE 8TH
Boston Rebels batting - Pitching for Hendersonville Hitmen : RHP Yong-hoon Park
Pitching: RHP Juan Nieto
Now at 2B: Jesús Cruz
Batting: RHB Alberto Ramos 0-0: Ground out 6-3 (Groundball, 6)
Batting: LHB Bill Wilson 0-0: Ball
1-0: Called Strike
1-1: Ball
2-1: Swinging Strike
2-2: Ball
3-2: Base on Balls
Batting: LHB Lorenzo Flores 0-0: Ball
1-0: Called Strike
1-1: Ball
2-1: Swinging Strike
2-2: Strikes out swinging
Batting: LHB Bill Wilson 0-0: Fly out, F8 (Flyball, 78M)
Top of the 8th over - 0 run(s), 0 hit(s), 0 error(s), 1 left on base; Boston 1 - Hendersonville 11
BOTTOM OF THE 8TH
Hendersonville Hitmen batting - Pitching for Boston Rebels : RHP Ki-tong Shiu
Batting: LHB Lorenzo Quintanilla 0-0: Ball
1-0: Ball
2-0: Foul Ball, location: 2F
2-1: Foul Ball, location: 2F
2-2: Ball
3-2: Fly out, F3 (Popup, 34S)
Pinch Hitting: LHB David Monahan 0-0: Ball
1-0: Fly out, F6 (Line Drive, 6MD)
Batting: LHB Tony Abete 0-0: Called Strike
0-1: Ball
1-1: Swinging Strike
1-2: Ball
2-2: Ball
3-2: Foul Ball, location: 2F
3-2: Base on Balls
Batting: SHB Tony López 0-0: Ball
1-0: Ball
2-0: SINGLE (Groundball, 34S) (infield hit)
Tony Abete to second
Batting: RHB Robert Buckley 0-0: Ground out 6-3 (Groundball, 6M)
Bottom of the 8th over - 0 run(s), 1 hit(s), 0 error(s), 2 left on base; Boston 1 - Hendersonville 11
TOP OF THE 9TH
Boston Rebels batting - Pitching for Hendersonville Hitmen : RHP Juan Nieto
Now in CF: David Monahan
Batting: LHB Miguel Rivería 0-0: Called Strike
0-1: Ball
1-1: Ground out 4-3 (Groundball, 4D)
Batting: LHB Felipe Guerrero 0-0: SOLO HOME RUN (Line Drive, 89XD), Distance : 423 ft
Batting: LHB Arturo Molina 0-0: Ball
1-0: Ball
2-0: Foul Ball, location: 2F
2-1: SOLO HOME RUN (Flyball, 89XD), Distance : 418 ft
Batting: RHB Ronnie Brown 0-0: Foul Ball, location: 2F
0-1: Ball
1-1: Ball
2-1: Foul Ball, location: 2F
2-2: Ground out 5-3 (Groundball, 5S)
Batting: RHB Aaron Washington 0-0: Called Strike
0-1: Ball
1-1: Foul Ball, location: 2F
1-2: Ball
2-2: SINGLE (Line Drive, 7S)
Batting: RHB Alberto Ramos 0-0: Ball
1-0: Ball
2-0: Ball
3-0: Base on Balls
Aaron Washington to second
Batting: LHB Bill Wilson 0-0: Ball
1-0: Fielders Choice at 2nd, 4-6 (Groundball, 4)
Top of the 9th over - 2 run(s), 3 hit(s), 0 error(s), 1 left on base; Boston 3 - Hendersonville 11
Thursday, March 30th, 2017 - OOTP Baseball 17.12 Build 75